 Dungeon Crawl Stone Soup version 0.31-a0-1603-gbec6b6c (webtiles) character file.

Game seed: 11590977726458991351

2322 Dorkslayer the Chopper (level 9, 0/54 HPs)
             Began as a Gargoyle Fighter on Jan 7, 2024.
             Was a High Priest of Makhleb.
             Slain by a two-headed ogre
             ... wielding a +0 giant club
              (1 damage)
             ... on level 6 of the Dungeon.
             The game lasted 00:15:59 (4844 turns).

Dorkslayer the Chopper (Gargoyle Fighter)           Turns: 4844, Time: 00:16:00

Health: 0/54       AC: 22    Str: 21    XL:     9   Next: 42%
Magic:  12/12      EV:  6    Int: 10    God:    Makhleb [*****.]
Gold:   270        SH: 11    Dex: 11    Spells: 8/8 levels left

rFire   . . .        a - +3 war axe
rCold   . . .        g - +2 kite shield
rNeg    + + .        q - +0 plate armour
rPois   ∞            s - +0 helmet
rElec   +            l - +0 cloak
rCorr   .            (no gloves)
SInv    .            i - +0 pair of boots
Will    .....        u - amulet of the acrobat Stlth
                     o - ring of positive energy
HPRegen 0.29/turn    (no ring)
MPRegen 0.13/turn

%: acrobat
@: no status effects
A: sickness immunity, AC +6, negative energy resistance 1, electricity
resistance, torment resistance 1, petrification resistance
a: Renounce Religion, Minor Destruction, Lesser Servant of Makhleb, Major
Destruction, Greater Servant of Makhleb


You were on level 6 of the Dungeon.
You worshipped Makhleb.
Makhleb was extremely pleased with you.
You visited 2 branches of the dungeon, and saw 7 of its levels.
You also visited: Ossuary.

You collected 270 gold pieces.

Inventory:

Hand Weapons
 a - a +3 war axe (weapon)
Missiles
 k - 4 javelins (quivered)
 m - 3 boomerangs
Armour
 g - a +2 kite shield (worn)
 i - a +0 pair of boots (worn)
 l - a +0 cloak (worn)
 q - a +0 plate armour (worn)
 s - a +0 helmet (worn)
Jewellery
 o - a ring of positive energy (left hand)
 u - an amulet of the acrobat (around neck)
Wands
 d - a wand of paralysis (17)
 y - a wand of polymorph (12)
Scrolls
 t - a scroll of teleportation
 w - a scroll of blinking
Potions
 b - 2 potions of brilliance
 c - a potion of attraction {unknown}
 e - a potion of cancellation
 f - 6 potions of heal wounds
 h - a potion of ambrosia
 j - 8 potions of curing
 n - a potion of might
 p - 3 potions of degeneration {unknown}
 r - a potion of experience {unknown}
 v - a potion of lignification {unknown}
 x - 4 potions of haste {unknown}


   Skills:
 + Level 5.1 Fighting
 + Level 6.2 Axes
 + Level 0.2 Throwing
 + Level 5.4 Armour
 * Level 4.0 Dodging
 + Level 5.8 Shields
 * Level 4.2 Invocations
 * Level 3.5 Evocations


You had 8 spell levels left.
You didn't know any spells.
Your spell library contained the following spells:

 Spells                   Type           Power      Damage    Failure   Level
 Magic Dart               Conj           0%         1d3       100%        1
 Lesser Beckoning         Tloc           0%         N/A       100%        2
 Searing Ray              Conj           0%         2d4       100%        2
 Gell's Gravitas          Tloc           0%         N/A       100%        3
 Teleport Other           Tloc           0%         N/A       100%        3
 Fulminant Prism          Conj/Alch      0%         3d5       100%        4


Dungeon Overview and Level Annotations

Branches:
Dungeon (6/15)             Temple (1/1) D:4         Ossuary (visited)

Altars:
Elyvilon
Fedhas
Gozag
Hepliaklqana
Kikubaaqudgha
Makhleb
Nemelex Xobeh
Okawaru
Qazlal
Ru
Trog
Uskayaw
Vehumet
Wu Jian
Xom
Yredelemnul
Zin


Innate Abilities, Weirdness & Mutations

You are immune to sickness and miasma.
Your stone body is resilient. (AC +6)
You are immune to poison.
You resist negative energy. (rN+)
You are resistant to electric shocks. (rElec)
You are resistant to unholy torment.
You are immune to petrification.


Message History

You barely miss the ogre. The ogre hits you with a +0 giant club.
You slash the ogre!
The ogre is heavily wounded.
You block the ogre's attack.
You hit the ogre.
The ogre is severely wounded.
You hit the ogre.
The ogre is almost dead.
The ogre hits you with a +0 giant club!!
You slash the ogre!
You kill the ogre!
Makhleb accepts your kill.
You feel better.
Your Dodging skill increases to level 4!
Things that are here:
a +0 giant club; an ogre corpse
Found 4 poisoned darts.
A two-headed ogre comes into view.
It is wielding a +0 giant club and a +0 giant spiked club.
The two-headed ogre shouts in stereo!
You block the two-headed ogre's attack.
The two-headed ogre completely misses you.
You slash the two-headed ogre!
The two-headed ogre is moderately wounded.
The two-headed ogre hits you with a +0 giant club!
The two-headed ogre hits you but does no damage.
You hit the two-headed ogre.
The two-headed ogre is moderately wounded.
The two-headed ogre hits you with a +0 giant club!!
* * * LOW HITPOINT WARNING * * *
The two-headed ogre hits you with a +0 giant spiked club.
* * * LOW HITPOINT WARNING * * *
You slash the two-headed ogre!
The two-headed ogre is heavily wounded.
You block the two-headed ogre's attack. x2
You slash the two-headed ogre!
The two-headed ogre is severely wounded.
The two-headed ogre hits you with a +0 giant club!
* * * LOW HITPOINT WARNING * * *
The two-headed ogre hits you with a +0 giant spiked club.
You die...

..##..[....#........######....###
..##.......#.#......# #.......
..##########.#......# #...####
...## #.#.#..#.# #...# ###)##
#......#.# ##...## ##.#
#.....##.# #.###.# #.# #.#.### .#
#.# #.# ##.# #.#.####.# ##.###.##
###.########.#..@O..# #.......##
.(...........######## #.#.......
############## #.#.##..##
##########.#.....#
#.............##.#
#.##.##.##.##.##.#
##.##.##.......# #
#..##.#####.#### #.#.###.# ...


You could see a two-headed ogre.

Vanquished Creatures
  A hornet (D:6)
  Sigmund (D:2)
  Eustachio (D:4)
  Duvessa (D:4)
  A black bear (D:6)
  A sky beast (D:5)
  2 ogres
  A centaur (D:5)
  A scorpion (D:4)
  Dowan (D:4)
  A bombardier beetle (D:5)
  3 bullfrog zombies (Ossuary)
  A hound (D:5)
  5 jellies
  2 orc priests
  11 mummies (Ossuary)
  A sleepcap (D:4)
  Ijyb (D:3)
  Terence (D:3)
  2 iguanas
  3 orc wizards (D:5)
  Natasha (thrice) (D:3)
  A killer bee zombie (Ossuary)
  3 crocodile zombies (Ossuary)
  3 hound zombies (Ossuary)
  4 howler monkey zombies (Ossuary)
  Robin (D:4)
  7 adders
  A white imp (D:5)
  4 ribbon worms
  4 dart slugs
  22 orcs
  3 ball pythons
  4 bats
  12 endoplasms
  A giant cockroach (D:1)
  15 goblins
  7 hobgoblins
  3 jackals (D:2)
  7 kobolds
  4 quokkas
  5 ball python zombies (Ossuary)
  A frilled lizard (D:2)
  7 rats
164 creatures vanquished.

Notes
Turn   | Place    | Note
-------+----------+-------------------------------------------
     0 | D:1      | Dorkslayer the Gargoyle Fighter began the quest for the
                  | Orb.
     0 | D:1      | Reached XP level 1. HP: 14/14 MP: 1/1
   100 | D:1      | Reached XP level 2. HP: 19/19 MP: 2/2
   126 | D:1      | Found a faded altar of an unknown god.
   134 | D:1      | Prayed at the altar of an unknown god.
   134 | D:1      | Became a worshipper of Makhleb the Destroyer
   134 | D:1      | Reached * piety under Makhleb
   348 | D:1      | Reached skill level 2 in Axes
   348 | D:1      | Reached XP level 3. HP: 12/23 MP: 3/3
   865 | D:2      | Identified the +2 spear "Lifebane" {venom, Will+ rCorr
                  | Dex-4}
   873 | D:2      | Reached ** piety under Makhleb
   895 | D:2      | Reached skill level 1 in Dodging
   896 | D:2      | Noticed Sigmund
   905 | D:2      | Killed Sigmund
   906 | D:2      | Reached skill level 3 in Axes
   906 | D:2      | Reached XP level 4. HP: 15/29 MP: 4/4
   906 | D:2      | Reached XP level 5. HP: 17/33 MP: 5/5
  1197 | D:2      | Reached XP level 6. HP: 38/38 MP: 6/6
  1334 | D:3      | Noticed Ijyb
  1346 | D:3      | Killed Ijyb
  1367 | D:3      | Noticed Natasha
  1375 | D:3      | Killed Natasha
  1524 | D:3      | Noticed Natasha
  1536 | D:3      | Killed Natasha
  1604 | D:3      | Noticed Terence
  1612 | D:3      | Killed Terence
  1734 | D:3      | Noticed Natasha
  1747 | D:3      | Killed Natasha
  2025 | D:4      | Found a staircase to the Ecumenical Temple.
  2034 | Temple   | Entered the Ecumenical Temple
  2188 | D:4      | Reached skill level 1 in Invocations
  2188 | D:4      | Reached XP level 7. HP: 39/43 MP: 7/7
  2243 | D:4      | Reached skill level 1 in Evocations
  2357 | D:4      | Reached *** piety under Makhleb
  2368 | D:4      | Noticed Robin
  2375 | D:4      | Killed Robin
  2660 | D:4      | Noticed Eustachio
  2694 | D:4      | Killed Eustachio
  2695 | D:4      | Reached skill level 4 in Axes
  2823 | D:4      | Noticed Duvessa
  2849 | D:4      | Killed Duvessa
  2849 | D:4      | Noticed Dowan
  2864 | D:4      | Killed Dowan
  2865 | D:4      | Reached XP level 8. HP: 17/48 MP: 9/9
  3043 | D:5      | Entered Level 5 of the Dungeon
  3144 | D:5      | Reached skill level 5 in Shields
  3216 | D:5      | Found a sand-covered staircase.
  3225 | Ossuary  | Entered an ossuary
  3240 | Ossuary  | Reached **** piety under Makhleb
  3253 | Ossuary  | Reached skill level 5 in Armour
  3329 | Ossuary  | Reached skill level 5 in Axes
  3800 | D:5      | Found a stormy altar of Qazlal.
  3917 | D:5      | Reached XP level 9. HP: 53/53 MP: 11/11
  4005 | D:5      | Reached skill level 5 in Fighting
  4234 | D:6      | Identified the +8 sling of Rowk {heavy, rN+ Dex+4}
  4450 | D:6      | Reached skill level 6 in Axes
  4500 | D:6      | Reached ***** piety under Makhleb
  4552 | D:6      | Noticed a hornet
  4564 | D:6      | Killed a hornet
  4838 | D:6      | Noticed a two-headed ogre
  4844 | D:6      | HP: 1/54 [two-headed ogre/+0 giant club (10)]
  4844 | D:6      | Slain by a two-headed ogre

Illustrated notes

Levels and vault maps discovered:
D:1:      beargit_arrival_greenhouse, layout_basic,
          hellmonk_ecumenical_altar_leap_of_faith, corexii_hall_statues_u,
          minmay_misc_feat_nine_boxes
D:2:      layout_rooms, uniq_sigmund
D:3:      layout_basic, uniq_ijyb, uniq_natasha, uniq_terence
D:4:      layout_gridville, lemuel_temple_firewalk_b, uniq_robin, uniq_duvessa,
          uniq_eustachio
D:5:      layout_basic, nicolae_qazlal_beasts_of_the_sky,
          mainiacjoe_ossuary_entry_dusty_tomb
D:6:      layout_loops_cross, nicolae_elevator_lobby_plus
Temple:   regret_index_temple_sphere_string

Skill      XL: |  1  2  3  4  5  6  7  8  9 |
---------------+----------------------------+-----
Axes           | 2 3 4 5 6 |  6.2
Dodging        | 1 2 3 4 |  4.0
Fighting       | 4 5 |  5.1
Armour         | 4 5 |  5.4
Shields        | 4 5 |  5.8
Invocations    | 1 2 3 4 |  4.2
Evocations     | 1 3 |  3.5
Throwing       | |  0.2

Action                     |  1- 3 |  4- 6 |  7- 9 || total
---------------------------+-------+-------+-------++-------
  Melee: War axe           |    98 |   137 |   375 ||   610
  Throw: Javelin           |       |       |     5 ||     5
    Use: Scroll            |     1 |     3 |    14 ||    18
         Potion            |     1 |     2 |       ||     3
 Armour: Scale mail        |    80 |    92 |       ||   172
         Plate armour      |       |    11 |   315 ||   326
  Dodge: Dodged            |    54 |    55 |    81 ||   190
  Block: Buckler           |    12 |       |       ||    12
         Kite shield       |    19 |    59 |   230 ||   308

Table legend: (Time is in decaauts)
 A = Elapsed time spent in this place.
 B = Non-inter-level travel time spent in this place.
 C = Inter-level travel time spent in this place.
 D = Time resting spent in this place.
 E = Time spent auto-exploring this place.
 F = Levels seen in this place.
 G = Mean time per level.
                   A        B        C        D        E       F      G
               +--------+--------+--------+--------+--------+-----+--------+
         Total |   5127 |   5127 |      0 |      0 |   1892 |   8 |  640.9 |
       Dungeon |   4585 |   4585 |      0 |      0 |   1886 |   6 |  764.2 |
        Temple |      1 |      1 |      0 |      0 |      0 |   1 |    1.0 |
       Ossuary |    540 |    540 |      0 |      0 |      6 |   1 |  540.0 |
               +--------+--------+--------+--------+--------+-----+--------+

Top non-repeatable levels by time:
     D:4: 1115 daAuts
     D:1: 875 daAuts
     D:5: 753 daAuts
     D:3: 666 daAuts
     D:6: 641 daAuts
 Ossuary: 540 daAuts
     D:2: 532 daAuts
  Temple: 1 daAuts
